 Dungeon Crawl Stone Soup version 0.31-a0-408-gb642c7f9a3 (webtiles) character file.

Game seed: 9041912120378075647

60 shadowstone the Shield-Bearer (level 4, -2/37 HPs)
             Began as a Formicid Fighter on July 29, 2023.
             Was an Initiate of Ashenzari.
             Slain by a gnoll
             ... wielding a +0 spear
              (3 damage)
             ... on level 2 of the Dungeon.
             The game lasted 00:05:02 (1020 turns).

shadowstone the Shield-Bearer (Formicid Fighter)    Turns: 1020, Time: 00:05:03

Health: -2/37      AC:  8    Str: 20    XL:     4   Next: 24%
Magic:  5/5        EV:  9    Int: 10    God:    Ashenzari [......]
Gold:   93         SH:  5    Dex: 13    Spells: 5/5 levels left

rFire   . . .        a - +0 quarterstaff
rCold   . . .        c - +0 buckler
rNeg    . . .        b - +0 scale mail
rPois   .            (helmet unavailable)
rElec   .            (no cloak)
rCorr   .            (no gloves)
SInv    +            p - +0 pair of boots
Will    .....        (no amulet) Stlth
                     m - ring of wizardry
HPRegen 0.26/turn    (no ring)
MPRegen 0.09/turn

%: wizardry (x1)
@: no status effects
A: permanent stasis, dig shafts and tunnels, antennae 3, four strong arms
a: Dig, Shaft Self, Renounce Religion


You were on level 2 of the Dungeon.
You worshipped Ashenzari.
Ashenzari was noncommittal.
You visited 1 branch of the dungeon, and saw 2 of its levels.

You collected 93 gold pieces.

Inventory:

Hand Weapons
 a - a +0 quarterstaff (weapon)
Armour
 b - a +0 scale mail (worn)
 c - a +0 buckler (worn)
 j - a +0 scale mail
 p - a +0 pair of boots (worn)
Jewellery
 m - a ring of wizardry (left hand)
Scrolls
 e - 2 scrolls of enchant armour {unknown}
 f - 3 scrolls of teleportation {unknown}
 h - 2 scrolls of identify {unknown}
 i - 2 scrolls of vulnerability {unknown}
 l - a scroll of fear {unknown}
 o - a scroll of brand weapon {unknown}
Potions
 d - a potion of might
 g - 2 potions of brilliance {unknown}
 k - a potion of curing {unknown}
 n - a potion of berserk rage {unknown}


   Skills:
 + Level 3.7 Fighting
 + Level 2.6 Staves
 + Level 3.7 Armour
 + Level 0.4 Dodging
 + Level 4.4 Shields
 * Level 1.2 Spellcasting


You had 5 spell levels left.
You didn't know any spells.
Your spell library contained the following spells:

 Spells                   Type           Power      Damage    Failure   Level
 Sublimation of Blood     Necr           0%         N/A       54%         2
 Wereblood                Tmut           0%         N/A       54%         2
 Animate Armour           Summ/Erth      0%         N/A       98%         4
 Summon Lightning Spire   Summ/Air       0%         N/A       98%         4
 Lee's Rapid Deconstruct  Erth           0%         3d4*      100%        5
 Summon Hydra             Summ           0%         N/A       100%        7


Dungeon Overview and Level Annotations

Branches:
Dungeon (2/15)

Altars:
Ashenzari


Innate Abilities, Weirdness & Mutations

You cannot be hasted, slowed, berserked, paralysed or teleported.
You can dig through walls and to a lower floor.
You have a pair of large antennae on your head. (SInv)
Your four strong arms can wield two-handed weapons with a shield.


Message History

The gnoll misses you.
You closely miss the gnoll.
The gnoll is severely wounded.
The gnoll hits you with a +0 club.
You hit the gnoll.
The gnoll is severely wounded.
The gnoll hits you but does no damage.
You hit the gnoll but do no damage.
The gnoll is severely wounded.
The gnoll hits you but does no damage. x2
You hit the gnoll.
The gnoll is severely wounded.
You block the gnoll's attack.
You hit the gnoll.
You kill the gnoll!
You closely miss the kobold. You block the kobold's attack.
You thump the kobold!
You kill the kobold!
You block the gnoll's attack.
The gnoll hits you from afar with a +0 spear.
The gnoll hits you with a +0 halberd!
Items here: ( )) †.
You closely miss the gnoll. The gnoll barely misses you.
The gnoll hits you with a +0 halberd.
You hit the gnoll.
The gnoll is lightly wounded.
The gnoll hits you from afar with a +0 spear.
The gnoll hits you with a +0 halberd!
* * * LOW HITPOINT WARNING * * *
You completely miss the gnoll.
The gnoll is lightly wounded.
The gnoll barely misses you. The gnoll closely misses you.
You hit the gnoll but do no damage.
The gnoll is lightly wounded.
The gnoll hits you from afar with a +0 spear.
* * * LOW HITPOINT WARNING * * *
You block the gnoll's attack. The gnoll hits you with a +0 halberd.
* * * LOW HITPOINT WARNING * * *
The gnoll hits you from afar with a +0 spear.
You die...

##########.#
#.## #...
#(.# ...#
##.# ...#
#.# ##g..#
#.## #...#
#..### #...#
##...###g.#
###..@gg.#
########


You could see 3 gnolls.

Vanquished Creatures
  A gnoll (D:2)
  An adder (D:2)
  A worm (D:2)
  2 ball pythons
  4 endoplasms
  3 giant cockroaches (D:1)
  5 hobgoblins
  4 kobolds
  A quokka (D:1)
  5 bats
  2 frilled lizards
  2 goblins
  3 rats
34 creatures vanquished.

Notes
Turn   | Place    | Note
-------+----------+-------------------------------------------
     0 | D:1      | shadowstone the Formicid Fighter began the quest for the
                  | Orb.
     0 | D:1      | Reached XP level 1. HP: 18/18 MP: 1/1
   187 | D:1      | Reached XP level 2. HP: 24/24 MP: 2/2
   480 | D:1      | Reached XP level 3. HP: 23/29 MP: 3/3
   951 | D:2      | Found a broken altar of Ashenzari.
   966 | D:2      | Reached skill level 1 in Spellcasting
   966 | D:2      | Reached XP level 4. HP: 37/37 MP: 5/5
   975 | D:2      | Became a worshipper of Ashenzari the Shackled
  1020 | D:2      | HP: 1/37 [gnoll/+0 halberd (6)]
  1020 | D:2      | Slain by a gnoll

Illustrated notes

Levels and vault maps discovered:
D:1:      wander_arrival_peaceful_grave, layout_basic, kennysheep_small_spiral,
          kennysheep_decorative_pillar
D:2:      layout_basic, basic_altar, serial_curves, eino_curves_04,
          eino_curves_01, minivault_11

Skill      XL: |  1  2  3 |
---------------+----------+-----
Spellcasting   | 1 |  1.2
Fighting       | |  3.7
Staves         | |  2.6
Armour         | |  3.7
Dodging        | |  0.4
Shields        | |  4.4

Action                     |  1- 3 |  4- 6 || total
---------------------------+-------+-------++-------
  Melee: Quarterstaff      |    99 |    15 ||   114
Ability: Dig               |     1 |       ||     1
 Armour: Scale mail        |    52 |     4 ||    56
  Dodge: Dodged            |    69 |     5 ||    74
  Block: Buckler           |    28 |     5 ||    33

Table legend: (Time is in decaauts)
 A = Elapsed time spent in this place.
 B = Non-inter-level travel time spent in this place.
 C = Inter-level travel time spent in this place.
 D = Time resting spent in this place.
 E = Time spent auto-exploring this place.
 F = Levels seen in this place.
 G = Mean time per level.
                   A        B        C        D        E       F      G
               +--------+--------+--------+--------+--------+-----+--------+
         Total |   1044 |   1044 |      0 |      0 |     82 |   2 |  522.0 |
       Dungeon |   1044 |   1044 |      0 |      0 |     82 |   2 |  522.0 |
               +--------+--------+--------+--------+--------+-----+--------+

Top non-repeatable levels by time:
     D:1: 682 daAuts
     D:2: 361 daAuts
